 Dungeon Crawl Stone Soup version 0.28-a0-845-gfc338a8e3c (webtiles) character file.

Game seed: 16909717797821893416

8232 Gargoyl the Fighter (level 11, -5/90 (97) HPs)
             Began as a Gnoll Abyssal Knight on Nov 13, 2021.
             Was a Believer of Lugonu.
             Killed by the air
             ... invoked by Gastronok
              (27 damage)
             ... while paralysed by Sonja
             ... on level 1 of the Lair of Beasts.
             The game lasted 00:15:30 (13632 turns).

Gargoyl the Fighter (Gnoll Abyssal Knight)         Turns: 13632, Time: 00:15:31

HP:   -5/90 (97)    AC: 16    Str: 15    XL:     11   Next: 27%
MP:   20/20         EV:  2    Int:  9    God:    Lugonu [**....]
Gold: 446           SH:  0    Dex: 11    Spells: 22/22 levels left

rFire   + + .      SeeInvis .   v - +4 hand axe
rCold   . . .      Faith    .   p - +5 kite shield of Uskayaw's Castigation {rN++ Dex-3 Slay+2}
rNeg    + + .      Spirit   .   d - +0 plate armour
rPois   .          Reflect  .   (no helmet)
rElec   .          Harm     .   i - +2 cloak
rCorr   .          Rampage  .   (no gloves)
Will    .....                   (no boots)
Stlth   ..........              (no amulet)
HPRegen 0.25/turn               E - ring of protection from fire
MPRegen 0.17/turn               B - ring of flight

@: paralysed, flying, drained
A: fangs 1, strong nose, distributed training, fire resistance 1, robust 1, wild
magic 1
a: Renounce Religion, Depart the Abyss, Bend Space


You were on level 1 of the Lair of Beasts.
You worshipped Lugonu.
Lugonu was pleased with you.
You visited 2 branches of the dungeon, and saw 12 of its levels.
You visited the Abyss 1 time.

You collected 446 gold pieces.

Inventory:

Hand Weapons
 a - a +2 hand axe
 v - a +4 hand axe (weapon)
 D - a +1 long sword of holy wrath
Missiles
 f - 60 poisoned darts (quivered)
 z - 2 curare-tipped darts
Armour
 d - a +0 plate armour (worn)
 i - a +2 cloak (worn)
 p - the +5 kite shield of Uskayaw's Castigation (worn) {rN++ Dex-3 Slay+2}
   (You found it on level 5 of the Dungeon)

   Dex:       It affects your dexterity (-3).
   Slay:      It affects your accuracy & damage with ranged weapons and melee
   (+2).
   rN:        It greatly protects you from negative energy.
Jewellery
 B - a ring of flight (right hand)
 E - a ring of protection from fire (left hand)
Wands
 h - a wand of polymorph (7)
 q - a wand of charming (21)
 u - a wand of mindburst (13)
 w - a wand of flame (39)
Scrolls
 m - 2 scrolls of magic mapping
 o - 2 scrolls of teleportation
 y - a scroll of identify
Potions
 b - a potion of invisibility
 c - a potion of flight
 e - 2 potions of brilliance
 g - a potion of cancellation
 j - 5 potions of curing
 k - 3 potions of haste
 l - a potion of magic
 n - a potion of berserk rage
 r - 2 potions of heal wounds
 s - 2 potions of might
 t - a potion of mutation
 x - 4 potions of lignification {unknown}
Miscellaneous
 C - a lightning rod (2/4)


   Skills:
 + Level 9.1 Fighting
 + Level 6.1 Short Blades
 + Level 6.1 Long Blades
 + Level 7.7 Axes
 + Level 6.1 Maces & Flails
 + Level 6.1 Polearms
 + Level 6.1 Staves
 + Level 6.1 Slings
 + Level 6.1 Bows
 + Level 6.1 Crossbows
 + Level 6.1 Throwing
 + Level 7.7 Armour
 + Level 6.7 Dodging
 + Level 6.1 Stealth
 + Level 6.1 Shields
 + Level 6.1 Unarmed Combat
 + Level 6.1 Spellcasting
 + Level 5.1 Conjurations
 + Level 5.1 Hexes
 + Level 5.1 Summonings
 + Level 5.1 Necromancy
 + Level 5.1 Translocations
 + Level 5.1 Transmutations
 + Level 5.1 Fire Magic
 + Level 5.1 Ice Magic
 + Level 5.1 Air Magic
 + Level 5.1 Earth Magic
 + Level 5.1 Poison Magic
 + Level 8.2 Invocations
 + Level 6.1 Evocations


You had 22 spell levels left.
You didn't know any spells.
Your spell library contained the following spells:

 Spells                   Type           Power      Damage    Failure   Level
 Passwall                 Tmut/Erth      12%        N/A       100%        2
 Dazzling Flash           Conj/Hex       30%        N/A       100%        3
 Frozen Ramparts          Ice            30%        1d5       100%        3
 Swiftness                Air            15%        N/A       100%        3
 Ice Form                 Ice/Tmut       15%        N/A       100%        4
 Iskenderun's Mystic Bla  Conj/Tloc      15%        2d5       100%        4
 Summon Ice Beast         Ice/Summ       15%        N/A       100%        4
 Starburst                Conj/Fire      7%         6d4       100%        6
 Malign Gateway           Summ/Tloc      7%         N/A       100%        7
 Summon Horrible Things   Summ           7%         N/A       100%        8


Dungeon Overview and Level Annotations

Branches:
Dungeon (11/15)            Temple (0/1) D:4            Lair (1/6) D:10
    Orc (0/2) D:10

Altars:
Hepliaklqana
Yredelemnul

Annotations:
Lair:1 Gastronok, Nergalle, Sonja
Abyss:1 Psyche


Innate Abilities, Weirdness & Mutations

You have very sharp teeth.
Your uncanny sense of smell can sniff out nearby items.
Your experience applies equally to all skills.
Your flesh is heat resistant. (rF+)
You are robust. (+10% HP)
Your spells are a little harder to cast, but a little more powerful.


Message History

You throw a poisoned dart. The poisoned dart closely misses Sonja.
Throw: 62 darts (poison)
Press: ? - help, Q - select action, (/) - cycle Shift-Dir - straight line, f/p - Sonja
Aim: Sonja, wielding a +2 short sword of distortion, quivering curare-tipped darts and carrying a wand of paralysis (8) (moderately wounded, very poisoned, 18% to hit)
You throw a poisoned dart. The poisoned dart hits Sonja.
Sonja looks even sicker.
Sonja is moderately wounded.
Throw: 61 darts (poison)
Press: ? - help, Q - select action, (/) - cycle Shift-Dir - straight line, f/p - Sonja
Aim: Sonja, wielding a +2 short sword of distortion, quivering curare-tipped darts and carrying a wand of paralysis (8) (moderately wounded, very poisoned, 23% to hit)
You throw a poisoned dart. The poisoned dart misses Sonja.
Sonja zaps a wand.
You easily resist.
Gastronok the Ponderous comes into view.
He is wearing the +3 hat of Pondering {ponderous, Will+ MP+10 Int+5}.
You closely miss Sonja.
Gastronok gurgles horribly!
Your bite misses Sonja.
Sonja is heavily wounded.
Sonja zaps a wand.
You easily resist.
Unknown command.
As you read the scroll of teleportation, it crumbles to dust.
You feel strangely unstable. You block Sonja's attack.
Sonja hits you but does no damage. Space warps around you.
You block Sonja's attack.
Sonja hits you with a +2 short sword of distortion.
Space warps horribly around you!
* * * LOW HITPOINT WARNING * * *
You block Sonja's attack. Sonja hits you but does no damage.
Space warps around you.
* * * LOW HITPOINT WARNING * * *
Sonja zaps a wand.
You suddenly lose the ability to move!
Sonja hits you but does no damage.
You blink.
Sonja zaps a wand.
You easily resist.
Your surroundings suddenly seem different. 3 yaks come into view.
The yak bellows! x3; You hear a bellow!
A yak comes into view.
Gastronok gurgles.
Gastronok waves his eye-stalks in wide circles.
The air twists around and strikes you!!
You die... w

######.. ......### #..##.(..##.
....#...#.## ##w##.....(.(
...........##............. ..
.#......Y............(.... ..
.........YY........##........
##.#
#.##.#...Y....#.P#.#........
...P
#.................##...K....
...# #....#..Z.@.......#........
...## #.......................#.
....# #...#P..####.......Z....##
....####.......###..(..........#
....#.##................#.....##
...o...........####....##.....#
...#####......#.# ##..####..###
.!## ##P####### #### ###.# ##
### ###


You could see Gastronok, a spectral orc warrior (summoned, fast) and 4 yaks.

Vanquished Creatures
  A troll (D:9)
  Sigmund (D:5)
  A wraith (D:11)
  10 yaks
  2 steam dragons
  2 vampire mosquitoes (D:11)
  2 water moccasins
  2 black bears
  A sky beast (D:6)
  5 orc warriors
  3 necrophages
  3 centaurs
  A kobold brigand (D:5)
  A scorpion (D:4)
  A bullfrog (D:8)
  A water moccasin skeleton (D:5)
  5 killer bees
  3 wights (D:10)
  3 howler monkeys
  5 centaur zombies
  A bullfrog zombie (D:5)
  6 orc priests
  A hound (D:4)
  A bullfrog skeleton (D:3)
  A gnoll shaman (D:9)
  2 iguanas
  8 orc wizards
  A killer bee zombie (D:8)
  A hound zombie (D:5)
  A howler monkey zombie (D:10)
  3 adders
  11 gnolls
  2 white imps (D:7)
  An ufetubus (D:6)
  An adder skeleton (D:4)
  The ghost of paps the Sneak, a weakling OpDe (D:5)
  A dart slug (D:4)
  3 worms
  24 orcs
  6 bats
  5 endoplasms
  3 giant cockroaches
  6 goblins
  4 hobgoblins
  4 jackals (D:4)
  3 quokkas
  7 ball pythons
  5 frilled lizards
  14 kobolds
  9 rats
  A butterfly (D:4)
190 creatures vanquished.

Vanquished Creatures (collateral kills)
  A water moccasin (D:7)
  2 killer bees (D:7)
3 creatures vanquished.

Vanquished Creatures (others)
  2 killer bees (D:7)
  3 fungi (D:5)
  6 plants
11 creatures vanquished.

Grand Total: 204 creatures vanquished

Notes
Turn   | Place    | Note
-------+----------+-------------------------------------------
     0 | Abyss:1  | Gargoyl the Gnoll Abyssal Knight began the quest for the
                  | Orb.
     0 | Abyss:1  | Reached XP level 1. HP: 23/23 MP: 3/3
    15 | Abyss:1  | Noticed a small abomination
    30 | D:1      | Escaped the Abyss
   211 | D:1      | Reached * piety under Lugonu
   212 | D:1      | Reached XP level 2. HP: 28/29 MP: 5/5
   921 | D:2      | Reached XP level 3. HP: 34/35 MP: 6/6
   957 | D:2      | Found a hazy altar of Hepliaklqana.
  1174 | D:2      | Reached ** piety under Lugonu
  1366 | D:3      | Reached skill level 1 in Short Blades
  1366 | D:3      | Reached skill level 1 in Long Blades
  1366 | D:3      | Reached skill level 1 in Maces & Flails
  1366 | D:3      | Reached skill level 1 in Polearms
  1366 | D:3      | Reached skill level 1 in Staves
  1366 | D:3      | Reached skill level 1 in Slings
  1366 | D:3      | Reached skill level 1 in Bows
  1366 | D:3      | Reached skill level 1 in Crossbows
  1366 | D:3      | Reached skill level 1 in Throwing
  1366 | D:3      | Reached skill level 1 in Stealth
  1366 | D:3      | Reached skill level 1 in Shields
  1366 | D:3      | Reached skill level 1 in Unarmed Combat
  1366 | D:3      | Reached skill level 1 in Spellcasting
  1366 | D:3      | Reached skill level 1 in Evocations
  1379 | D:3      | Reached XP level 4. HP: 34/41 MP: 7/7
  1566 | D:3      | Reached skill level 1 in Conjurations
  1566 | D:3      | Reached skill level 1 in Hexes
  1566 | D:3      | Reached skill level 1 in Summonings
  1566 | D:3      | Reached skill level 1 in Necromancy
  1566 | D:3      | Reached skill level 1 in Translocations
  1566 | D:3      | Reached skill level 1 in Transmutations
  1566 | D:3      | Reached skill level 1 in Fire Magic
  1566 | D:3      | Reached skill level 1 in Ice Magic
  1566 | D:3      | Reached skill level 1 in Air Magic
  1566 | D:3      | Reached skill level 1 in Earth Magic
  1566 | D:3      | Reached skill level 1 in Poison Magic
  1568 | D:3      | Reached XP level 5. HP: 40/47 MP: 8/8
  2256 | D:4      | Reached skill level 5 in Invocations
  2256 | D:4      | Reached XP level 6. HP: 35/53 MP: 9/9
  2554 | D:4      | Found a staircase to the Ecumenical Temple.
  2899 | D:4      | Reached skill level 5 in Axes
  2899 | D:4      | Reached skill level 5 in Armour
  3182 | D:5      | Entered Level 5 of the Dungeon
  3208 | D:5      | Identified the +5 kite shield of Uskayaw's Castigation
                  | {rN++ Dex-3 Slay+2}
  3255 | D:5      | Noticed a necrophage
  3263 | D:5      | Killed a necrophage
  3323 | D:5      | Reached XP level 7. HP: 54/59 MP: 10/10
  3504 | D:5      | Reached skill level 7 in Fighting
  3509 | D:5      | Reached *** piety under Lugonu
  3774 | D:5      | Found a runed translucent gate.
  3774 | D:5      | Found a runed translucent gate.
  3774 | D:5      | Found a runed translucent gate.
  3779 | D:5      | Noticed paps's ghost (weakling OpDe)
  3813 | D:5      | Noticed Sigmund
  3825 | D:5      | Killed Sigmund
  3839 | D:5      | Reached XP level 8. HP: 58/67 MP: 12/12
  4105 | D:5      | Killed paps's ghost
  5441 | D:6      | Reached XP level 9. HP: 56/73 MP: 14/14
  6625 | D:7      | Reached skill level 5 in Dodging
  7099 | D:8      | Reached skill level 8 in Fighting
  7405 | D:8      | Noticed a deep elf pyromancer
  7419 | D:8      | Banished a deep elf pyromancer
  7425 | D:8      | Reached XP level 10. HP: 48/80 MP: 12/17
  7858 | D:8      | Reached skill level 5 in Short Blades
  7858 | D:8      | Reached skill level 5 in Long Blades
  7858 | D:8      | Reached skill level 5 in Maces & Flails
  7858 | D:8      | Reached skill level 5 in Polearms
  7858 | D:8      | Reached skill level 5 in Staves
  7858 | D:8      | Reached skill level 5 in Slings
  7858 | D:8      | Reached skill level 5 in Bows
  7858 | D:8      | Reached skill level 5 in Crossbows
  7858 | D:8      | Reached skill level 5 in Throwing
  7858 | D:8      | Reached skill level 5 in Stealth
  7858 | D:8      | Reached skill level 5 in Shields
  7858 | D:8      | Reached skill level 5 in Unarmed Combat
  7858 | D:8      | Reached skill level 5 in Spellcasting
  7858 | D:8      | Reached skill level 5 in Evocations
  8498 | D:9      | Noticed a two-headed ogre
  8546 | D:8      | Banished a two-headed ogre
 10278 | D:9      | Found a basalt altar of Yredelemnul.
 11039 | D:10     | Entered Level 10 of the Dungeon
 11039 | D:10     | Found a staircase to the Orcish Mines.
 11096 | D:10     | Reached XP level 11. HP: 54/87 MP: 14/19
 11291 | D:10     | Noticed Psyche
 11310 | D:10     | Banished Psyche
 11599 | D:10     | Reached skill level 9 in Fighting
 11721 | D:10     | Gained mutation: Your spells are a little harder to cast,
                  | but a little more powerful. [potion of mutation]
 11721 | D:10     | Gained mutation: Your flesh is heat resistant. (rF+)
                  | [potion of mutation]
 11721 | D:10     | Gained mutation: You are robust. (+10% HP) [potion of
                  | mutation]
 11811 | D:10     | Found a staircase to the Lair.
 12362 | D:11     | Reached skill level 5 in Conjurations
 12362 | D:11     | Reached skill level 5 in Hexes
 12362 | D:11     | Reached skill level 5 in Summonings
 12362 | D:11     | Reached skill level 5 in Necromancy
 12362 | D:11     | Reached skill level 5 in Translocations
 12362 | D:11     | Reached skill level 5 in Transmutations
 12362 | D:11     | Reached skill level 5 in Fire Magic
 12362 | D:11     | Reached skill level 5 in Ice Magic
 12362 | D:11     | Reached skill level 5 in Air Magic
 12362 | D:11     | Reached skill level 5 in Earth Magic
 12362 | D:11     | Reached skill level 5 in Poison Magic
 12939 | D:11     | Noticed a sixfirhy
 13483 | Lair:1   | Entered Level 1 of the Lair of Beasts
 13560 | Lair:1   | Noticed Nergalle
 13590 | Lair:1   | Noticed Sonja
 13612 | Lair:1   | Paralysed by Sonja for 5 turns
 13625 | Lair:1   | Noticed Gastronok
 13628 | Lair:1   | Paralysed by Sonja for 6 turns
 13632 | Lair:1   | Killed from afar by Gastronok

Illustrated notes

Levels and vault maps discovered:
D:1:      onia_arrival_handbag, layout_basic
D:2:      layout_rooms, basic_altar, grunt_decor_junction
D:3:      layout_loops_ring, chequers_decorated_corner
D:4:      layout_loops_ring, minmay_temple_entry_butterflies
D:5:      layout_basic, gammafunk_ghost_nasty_kobolds, lemuel_flame_loot_1,
          uniq_sigmund
D:6:      layout_basic, serial_corexii_hall, corexii_hall_statues_i,
          chequers_hall_statues_y, corexii_hall_statues_x,
          chequers_hall_statues_corner_a, chequers_hall_statues_y,
          corexii_hall_statues_l
D:7:      layout_cave_pools, hangedman_decor_clover_reticule
D:8:      layout_rooms, minmay_chambers_of_fives
D:9:      layout_cross, mainiacjoe_overflow_alcove_4
D:10:     layout_gridville, dpeg_oklobed_lair, orc_0_dummy,
          serial_bayou_crossing, uniq_psyche
D:11:     layout_roguey
Lair:1:   layout_gridlike, ebering_ghost_funeral_grove, columned_hall_lemuel,
          uniq_gastronok, uniq_nergalle, uniq_sonja

Skill      XL: |  1  2  3  4  5  6  7  8  9 10 11 |
---------------+----------------------------------+-----
Short Blades   | 1 2 3 4 5 6 |  6.1
Long Blades    | 1 2 3 4 5 6 |  6.1
Maces & Flails | 1 2 3 4 5 6 |  6.1
Polearms       | 1 2 3 4 5 6 |  6.1
Staves         | 1 2 3 4 5 6 |  6.1
Slings         | 1 2 3 4 5 6 |  6.1
Bows           | 1 2 3 4 5 6 |  6.1
Crossbows      | 1 2 3 4 5 6 |  6.1
Throwing       | 1 2 3 4 5 6 |  6.1
Stealth        | 1 2 3 4 5 6 |  6.1
Shields        | 1 2 3 4 5 6 |  6.1
Unarmed Combat | 1 2 3 4 5 6 |  6.1
Spellcasting   | 1 2 3 4 5 6 |  6.1
Evocations     | 1 2 3 4 5 6 |  6.1
Conjurations   | 1 2 3 4 5 |  5.1
Hexes          | 1 2 3 4 5 |  5.1
Summonings     | 1 2 3 4 5 |  5.1
Necromancy     | 1 2 3 4 5 |  5.1
Translocations | 1 2 3 4 5 |  5.1
Transmutations | 1 2 3 4 5 |  5.1
Fire Magic     | 1 2 3 4 5 |  5.1
Ice Magic      | 1 2 3 4 5 |  5.1
Air Magic      | 1 2 3 4 5 |  5.1
Earth Magic    | 1 2 3 4 5 |  5.1
Poison Magic   | 1 2 3 4 5 |  5.1
Dodging        | 3 4 5 6 |  6.7
Invocations    | 5 6 7 8 |  8.2
Axes           | 5 6 7 |  7.7
Armour         | 5 6 7 |  7.7
Fighting       | 7 8 9 |  9.1

Action                   |  1- 3 |  4- 6 |  7- 9 | 10-12 || total
-------------------------+-------+-------+-------+-------++-------
Melee: Hand axe          |    97 |   161 |   276 |   376 ||   910
       Bite              |     4 |    20 |    23 |    52 ||    99
       Punch             |       |     1 |       |       ||     1
       Long sword        |       |       |       |    32 ||    32
Throw: Dart              |       |       |    22 |    22 ||    44
Invok: Depart the Abyss  |     1 |       |       |       ||     1
       Banish            |       |       |     4 |     9 ||    13
       Bend Space        |       |       |       |     1 ||     1
Evoke: Wand              |       |       |     6 |       ||     6
       Lightning rod     |       |       |       |     4 ||     4
  Use: Scroll            |     5 |     6 |     6 |    11 ||    28
       Potion            |       |       |     2 |     3 ||     5
 Stab: Distracted        |       |       |     1 |       ||     1
Armor: Leather armour    |     2 |       |       |       ||     2
       Plate armour      |    71 |   134 |   207 |   250 ||   662
Dodge: Dodged            |    16 |    29 |    38 |    73 ||   156
Block: Kite shield       |       |     4 |   273 |   370 ||   647

Table legend: (Time is in decaauts)
 A = Elapsed time spent in this place.
 B = Non-inter-level travel time spent in this place.
 C = Inter-level travel time spent in this place.
 D = Time resting spent in this place.
 E = Time spent auto-exploring this place.
 F = Levels seen in this place.
 G = Mean time per level.
                   A        B        C        D        E       F      G
               +--------+--------+--------+--------+--------+-----+--------+
         Total |  13782 |  13422 |    360 |   2711 |   8340 |  13 | 1060.2 |
       Dungeon |  13594 |  13234 |    360 |   2703 |   8255 |  11 | 1235.8 |
          Lair |    158 |    158 |      0 |      8 |     74 |   1 |  158.0 |
         Abyss |     30 |     30 |      0 |      0 |     11 |   1 |   30.0 |
               +--------+--------+--------+--------+--------+-----+--------+

Top non-repeatable levels by time:
     D:8: 2487 daAuts
     D:9: 1619 daAuts
     D:6: 1306 daAuts
     D:7: 1295 daAuts
     D:5: 1262 daAuts
    D:11: 1254 daAuts
    D:10: 1201 daAuts
     D:4: 964 daAuts
     D:3: 876 daAuts
     D:1: 772 daAuts
     D:2: 554 daAuts
  Lair:1: 158 daAuts
 Abyss:1: 30 daAuts
